[Event "Titled Tuesday Blitz February 22 Early 2022"]
[White "Guseinov, Gadir"]
[Black "Faizrakhmanov, Ramil"]
[WhiteFideId "13401378"]
[BlackFideId "24103209"]
[WhiteElo "2581"]
[BlackElo "2502"]
[Result "1-0"]
[Round "06"]
[TimeControl "180+1"]
[Date "2022.02.22"]
[WhiteClock "0:00:59"]
[BlackClock "0:00:06"]

1. e4 c5 2. Nc3 d6 3. Bb5+ Nd7 4. f4 a6 5. Be2 Ngf6 6. a4 g6 7. Nf3 Bg7 8. O-O O-O 9. d3 b6 10. Kh1 Bb7 11. Qe1 c4 12. f5 cxd3 13. cxd3 Nc5 14. Bg5 d5 15. e5 Ng4 16. d4 Ne4 17. h3 Nxg5 18. Nxg5 Ne3 19. fxg6 fxg6 20. Ne6 Qc8 21. Nxf8 Nxf1 22. Nxg6 hxg6 23. Qxf1 Qf5 24. Bg4 Qxf1+ 25. Rxf1 Bh6 26. Be6+ Kh8 27. Bxd5 Bxd5 28. Nxd5 Rd8 29. Nxe7 Rxd4 30. Nxg6+ Kg7 31. Ne7 Rxa4 32. Nf5+ Kg6 33. Nxh6 Kxh6 34. Rf6+ Kg5 35. Rxb6 Kf5 36. e6 Kf6 37. Kh2 a5 38. Kg3 Rd4 39. h4 a4 40. h5 Re4 41. h6 Kg6 42. e7+ Kh7 43. Kf3 Re1 44. g4 Rxe7 45. g5 Re1 46. Rb7+ Kg6 47. Rg7+ Kf5 48. h7 Rh1 49. g6 1-0


[Site "https://www.chess.com"]

[Event "Titled Tuesday Blitz February 22 Early 2022"]
[White "Heinemann, Josefine"]
[Black "Dev, Shah"]
[WhiteFideId "12900460"]
[BlackFideId "35019058"]
[WhiteElo "2300"]
[BlackElo "2098"]
[Result "0-1"]
[Round "06"]
[TimeControl "180+1"]
[Date "2022.02.22"]
[WhiteClock "0:00:01"]
[BlackClock "0:00:05"]

1. Nf3 Nf6 2. g3 c5 3. Bg2 Nc6 4. O-O e5 5. c4 d5 6. cxd5 Nxd5 7. Nc3 Nc7 8. Ne1 Bd7 9. Nd3 f6 10. Qb3 Rb8 11. f4 Be6 12. Qd1 c4 13. Ne1 Bc5+ 14. Kh1 exf4 15. gxf4 O-O 16. Nf3 b5 17. e3 b4 18. Ne4 Be7 19. Qa4 Bd5 20. Ng3 f5 21. b3 Bf6 22. Rb1 cxb3 23. axb3 g6 24. Bb2 Rb6 25. Bxf6 Qxf6 26. Qa2 Ne6 27. Qc2 Rc8 28. Rbc1 Rc7 29. Qd3 Rd7 30. Qe2 Bxb3 31. Rg1 Bd5 32. Ne1 Qd8 33. Bxd5 Rxd5 34. d4 b3 35. Nf3 a5 36. Ne5 Nxe5 37. fxe5 Kh8 38. Qb2 a4 39. Ra1 Qd7 40. Ne2 Qc6 41. Rgc1 Rc5+ 42. Kg1 Rc2 43. Qa3 b2 44. Qxb2 Rbxb2 0-1


[Site "https://www.chess.com"]

[Event "Titled Tuesday Blitz February 22 Early 2022"]
[White "Hess, Robert"]
[Black "Hua, Lefong"]
[WhiteFideId "2022036"]
[BlackFideId "2602253"]
[WhiteElo "2557"]
[BlackElo "2585"]
[Result "1-0"]
[Round "06"]
[TimeControl "180+1"]
[Date "2022.02.22"]
[WhiteClock "0:00:05"]
[BlackClock "0:00:36"]

1. b3 Nf6 2. Bb2 g6 3. d3 Bg7 4. Nd2 O-O 5. e3 c5 6. Ne2 Nc6 7. h3 d6 8. g4 h6 9. Bg2 Rb8 10. Ng3 Qc7 11. Qe2 b5 12. f4 e5 13. f5 d5 14. e4 d4 15. h4 Nb4 16. Qd1 c4 17. Ba3 cxd3 18. Bxb4 dxc2 19. Qc1 Nxg4 20. Bxf8 Bxf8 21. O-O d3 22. Bh3 Bc5+ 23. Kh1 Nf2+ 24. Kg2 Nxh3 25. Kxh3 Bd4 26. Nf3 Bc3 27. Qxh6 f6 28. Qxg6+ Qg7 29. Qxg7+ Kxg7 30. Nh5+ Kf7 31. Rac1 Bb7 32. Rg1 Bxe4 33. Rg7+ Kf8 34. Rcg1 Bxf3 35. Nxf6 e4 36. Nh7+ Ke8 37. f6 Bh5 38. Re7+ Kd8 39. Rg8+ Be8 40. Rgxe8# 1-0


[Site "https://www.chess.com"]

[Event "Titled Tuesday Blitz February 22 Early 2022"]
[White "Hoffmann, Asa"]
[Black "Necula, Iulian"]
[WhiteFideId "2001470"]
[BlackFideId "1232380"]
[WhiteElo "2117"]
[BlackElo "1776"]
[Result "1-0"]
[Round "06"]
[TimeControl "180+1"]
[Date "2022.02.22"]
[WhiteClock "0:02:16"]
[BlackClock "0:01:34"]

1. d4 d6 2. e4 Nf6 3. f3 Nbd7 4. Be3 e5 5. Ne2 c6 6. Nbc3 b5 7. Qd2 b4 8. Nd1 a5 9. Ng3 g6 10. Nf2 h5 11. h4 Bg7 12. O-O-O Qc7 13. Nh3 Ba6 14. Bxa6 Rxa6 15. Ng5 O-O 16. dxe5 dxe5 17. Qd6 Qxd6 18. Rxd6 c5 19. Rxa6 1-0


[Site "https://www.chess.com"]

[Event "Titled Tuesday Blitz February 22 Early 2022"]
[White "Ibrahimli, Murad"]
[Black "Andreikin, Dmitry"]
[WhiteFideId "13410229"]
[BlackFideId "4158814"]
[WhiteElo "2109"]
[BlackElo "2736"]
[Result "0-1"]
[Round "06"]
[TimeControl "180+1"]
[Date "2022.02.22"]
[WhiteClock "0:00:01"]
[BlackClock "0:00:07"]

1. d4 d5 2. c4 e6 3. Nc3 a6 4. c5 b6 5. cxb6 c5 6. e3 Nd7 7. Nf3 Ngf6 8. Be2 Nxb6 9. O-O Bd6 10. b3 cxd4 11. exd4 O-O 12. Bd3 Bb7 13. Bg5 Nbd7 14. Qe2 Qa5 15. Rac1 Rac8 16. Bd2 Qb6 17. Na4 Qa7 18. b4 a5 19. b5 Ne4 20. Qe1 Ba3 21. Rb1 Nxd2 22. Qxd2 Bb4 23. Qf4 h6 24. Rfc1 Ba3 25. Rxc8 Rxc8 26. h4 Qb8 27. Qxb8 Rxb8 28. Rb3 Bb4 29. Kf1 Rc8 30. Ke2 Kf8 31. Ne1 Ke7 32. Nc2 Bd6 33. Rc3 Rxc3 34. Nxc3 Nb6 35. Na1 Bb4 36. Nb1 a4 37. Nc2 Ba5 38. Ne3 f6 39. f4 Bc8 40. Bc2 Bb4 41. a3 Bd6 42. Nc3 Bd7 43. Kd2 Bxf4 44. Kd3 Bd6 45. Kd2 Bxa3 46. Nxa4 Bb4+ 47. Kc1 Nxa4 48. Bxa4 Kd6 49. h5 Bc3 50. Nc2 e5 51. dxe5+ fxe5 52. Ne3 e4 53. b6 Bd4 54. b7 Bxe3+ 55. Kc2 Ba7 0-1


[Site "https://www.chess.com"]

[Event "Titled Tuesday Blitz February 22 Early 2022"]
[White "Ismayil, Malak"]
[Black "Mohammadian, Mohammad"]
[WhiteFideId "13412604"]
[BlackFideId "12566055"]
[WhiteElo "1879"]
[BlackElo "1543"]
[Result "1-0"]
[Round "06"]
[TimeControl "180+1"]
[Date "2022.02.22"]
[WhiteClock "0:00:57"]
[BlackClock "0:00:01"]

1. e4 e5 2. Nf3 Nc6 3. Bc4 Bc5 4. d3 Nf6 5. O-O h6 6. Nc3 d6 7. h3 O-O 8. Be3 Bd7 9. Qd2 Be6 10. Bb3 Bxb3 11. axb3 Nd4 12. Bxd4 Bxd4 13. Nxd4 exd4 14. Ne2 c5 15. f4 Qd7 16. Ng3 d5 17. e5 Nh7 18. f5 Rae8 19. Rae1 Ng5 20. h4 Nh7 21. f6 gxf6 22. exf6 Qg4 23. Nf5 Qh5 24. Rxe8 Rxe8 25. Ng7 Qe5 26. Nxe8 Qxe8 27. Qxh6 Qe3+ 28. Qxe3 dxe3 29. Rf3 d4 30. Kf1 Nf8 31. c3 Ng6 32. h5 Ne5 33. Rg3+ Kh7 34. Ke2 Kh6 35. cxd4 cxd4 36. Rg8 Kxh5 37. Rd8 Nc6 38. Rd7 Kg6 39. Rxb7 Kxf6 40. Rc7 Ne7 41. Rxa7 Nf5 42. Ra6+ Kg5 43. Ra5 Kg4 44. b4 1-0


[Site "https://www.chess.com"]

[Event "Titled Tuesday Blitz February 22 Early 2022"]
[White "Jacobson, Aaron"]
[Black "Kovalenko, Igor"]
[WhiteFideId "2089912"]
[BlackFideId "14117908"]
[WhiteElo "2265"]
[BlackElo "2560"]
[Result "1-0"]
[Round "06"]
[TimeControl "180+1"]
[Date "2022.02.22"]
[WhiteClock "0:00:20"]
[BlackClock "0:00:31"]

1. e4 c5 2. Nf3 e6 3. d4 cxd4 4. Bg5 f6 5. Bc1 Nc6 6. Nxd4 Bc5 7. Qh5+ g6 8. Qxc5 Nge7 9. Nxc6 bxc6 10. Nc3 d6 11. Qe3 O-O 12. Qg3 Rb8 13. Bd3 e5 14. h4 Kh8 15. h5 g5 16. h6 Be6 17. b3 Qa5 18. Bd2 Qc7 19. O-O Ng6 20. Bc4 Bxc4 21. bxc4 Rbd8 22. Rab1 Rg8 23. Rb3 Qf7 24. Qd3 Nf4 25. Bxf4 gxf4 26. Qf3 Rg6 27. Ne2 Qxc4 28. Qd3 Qe6 29. Rfb1 Rdg8 30. g3 Rxh6 31. Rb8 Qh3 32. Rxg8+ Kxg8 33. Qf3 Qh2+ 34. Kf1 Rg6 35. Rb8+ Kg7 36. gxf4 h5 37. Rb7+ Kh8 38. fxe5 dxe5 39. Ng3 Qh3+ 40. Ke2 Qg4 41. Qxg4 Rxg4 42. Rxa7 h4 43. Nf1 Rxe4+ 44. Kd3 Re1 45. Nh2 f5 46. Nf3 e4+ 47. Kd2 Rh1 48. Ng5 Rg1 49. Rh7+ Kg8 50. Rh5 Kg7 51. Nxe4 fxe4 52. Rxh4 Ra1 53. Rxe4 Rxa2 54. Re6 Ra6 55. Ke3 Kf7 56. Rh6 Ke7 57. c4 Kd7 58. Kd4 Ra2 59. Kc5 Rxf2 60. Rd6+ Kc7 61. Rxc6+ Kb7 62. Rh6 Rf5+ 63. Kb4 Kc7 64. Ra6 Kb7 65. Rd6 Kc7 66. Rd4 Kb7 67. Re4 Kc6 68. Kc3 Rf1 69. Re6+ Kc5 70. Re5+ Kc6 71. Rh5 Rc1+ 72. Kd3 Rd1+ 73. Kc2 Rg1 74. Rf5 Rg3 75. Kb2 Rh3 76. Rg5 Rf3 77. Kc2 Re3 78. Kd2 Ra3 79. Rh5 Rb3 80. Kc2 Ra3 81. Re5 Rg3 82. Rd5 Kb6 83. Rf5 Kc6 84. Kb2 Kb6 85. Kc1 Kc6 86. Kd2 Kb6 87. Rh5 Kc6 88. c5 Ra3 89. Kc2 Ra5 90. Kd3 Rxc5 91. Rh6+ Kb5 92. Kd4 Rc4+ 93. Kd3 Rc5 94. Rh8 Rd5+ 95. Kc3 Rc5+ 96. Kb3 Kc6 97. Kb4 Rb5+ 98. Kc4 Rc5+ 99. Kd4 Rd5+ 100. Ke4 Rd7 101. Rh6+ Kc5 102. Rh1 Re7+ 103. Kd3 Kd5 104. Rh5+ Re5 105. Rh6 Rg5 106. Ra6 Rg3+ 107. Ke2 Kc4 108. Rf6 Kd4 109. Rf3 Ke5 110. Rxg3 1-0


[Site "https://www.chess.com"]

[Event "Titled Tuesday Blitz February 22 Early 2022"]
[White "Jakubowska, Anna"]
[Black "Vusatiuk, Vladimir"]
[WhiteFideId "1121952"]
[BlackFideId "14118610"]
[WhiteElo "1924"]
[BlackElo "2157"]
[Result "1-0"]
[Round "06"]
[TimeControl "180+1"]
[Date "2022.02.22"]
[WhiteClock "0:01:01"]
[BlackClock "0:00:11"]

1. e4 c5 2. Nf3 d6 3. Bb5+ Nd7 4. O-O Nf6 5. Re1 a6 6. Bf1 e5 7. c3 Be7 8. d4 cxd4 9. cxd4 O-O 10. Nc3 b5 11. a4 b4 12. dxe5 bxc3 13. exf6 Bxf6 14. Qc2 Qa5 15. Rb1 Nc5 16. e5 dxe5 17. Nxe5 Nxa4 18. b4 Qc7 19. Bf4 Nb2 20. Ng6 Qd8 21. Nxf8 Qxf8 22. Be5 Qxb4 23. Bxc3 Qb5 1-0


[Site "https://www.chess.com"]

[Event "Titled Tuesday Blitz February 22 Early 2022"]
[White "Jakubowski, Krzysztof"]
[Black "Neiksans, Arturs"]
[WhiteFideId "1112848"]
[BlackFideId "11601388"]
[WhiteElo "2365"]
[BlackElo "2447"]
[Result "0-1"]
[Round "06"]
[TimeControl "180+1"]
[Date "2022.02.22"]
[WhiteClock "0:00:01"]
[BlackClock "0:00:05"]

1. e4 c5 2. Nf3 e6 3. d4 cxd4 4. Nxd4 a6 5. Bd3 Bc5 6. Nb3 Ba7 7. c4 Nc6 8. Nc3 d6 9. O-O Qh4 10. Kh1 Nf6 11. f3 Bf2 12. Ne2 Nh5 13. Qd2 Ne5 14. Bc2 Nxc4 15. Qc3 Ne5 16. f4 Ng4 17. Qh3 e5 18. f5 Qxh3 19. gxh3 Ne3 20. Rxf2 Nxc2 21. Rb1 Nf6 22. Nc3 Nb4 23. Bg5 Nd3 24. Rd2 Nf4 25. Rxd6 Nd7 26. Rbd1 f6 27. Bh4 O-O 28. Rxd7 Bxd7 29. Rxd7 Rad8 30. Rxb7 Rd3 31. Bg3 Rfd8 32. Bxf4 exf4 33. Kg2 Re3 34. h4 Rdd3 35. h5 h6 36. Kf2 Rh3 37. Ke2 Rde3+ 38. Kd1 Rxh2 39. Nd2 Rd3 40. Nb1 f3 41. Kc2 Rd8 42. Kc3 f2 0-1


[Site "https://www.chess.com"]

[Event "Titled Tuesday Blitz February 22 Early 2022"]
[White "Jaracz, Pawel"]
[Black "Sadhwani, Raunak"]
[WhiteFideId "1102222"]
[BlackFideId "35093487"]
[WhiteElo "2429"]
[BlackElo "2616"]
[Result "0-1"]
[Round "06"]
[TimeControl "180+1"]
[Date "2022.02.22"]
[WhiteClock "0:00:08"]
[BlackClock "0:00:47"]

1. e4 e5 2. Nf3 Nc6 3. Bb5 Nge7 4. Nc3 Ng6 5. h4 Be7 6. h5 Nh4 7. Nxh4 Bxh4 8. Bxc6 dxc6 9. d3 h6 10. Be3 Bf6 11. Qd2 Be6 12. O-O-O Qe7 13. f3 O-O-O 14. Qf2 b6 15. g3 Kb7 16. Kb1 Rd7 17. Ne2 Rhd8 18. Bc1 c5 19. Nc3 c4 20. dxc4 Bxc4 21. Rxd7 Rxd7 22. b3 Be6 23. Rd1 c6 24. Rxd7+ Qxd7 25. g4 Be7 26. Qd2 Qxd2 27. Bxd2 Kc7 28. Ne2 Bf8 29. Bc3 Kd6 30. Nc1 g6 31. Nd3 Bg7 32. hxg6 fxg6 33. f4 Bxg4 34. Bxe5+ Bxe5 35. Nxe5 Bh5 36. Kb2 g5 37. Nc4+ Ke6 38. fxg5 hxg5 39. Kc3 Be2 40. Nd2 Ke5 0-1


[Site "https://www.chess.com"]

[Event "Titled Tuesday Blitz February 22 Early 2022"]
[White "Jeet, Jain"]
[Black "Zemerov, Vladimir"]
[WhiteFideId "5073022"]
[BlackFideId "4111583"]
[WhiteElo "2085"]
[BlackElo "2277"]
[Result "1-0"]
[Round "06"]
[TimeControl "180+1"]
[Date "2022.02.22"]
[WhiteClock "0:01:53"]
[BlackClock "0:01:48"]

1. e4 c5 2. Nf3 e6 3. d4 cxd4 4. Nxd4 Nc6 5. Be3 Qc7 6. Nc3 a6 7. a4 Bb4 8. Bd3 Nf6 9. O-O O-O 10. h3 Ne5 11. f4 Nxd3 12. Qxd3 Bxc3 13. bxc3 d6 14. f5 e5 15. Ne2 Rd8 16. c4 Bd7 17. g4 Rac8 18. g5 Nh5 19. c5 dxc5 20. Nc3 c4 21. Qd1 Bc6 22. Qxh5 b5 23. axb5 axb5 24. f6 b4 25. Ra7 Qd6 26. Qxf7+ Kh8 27. Qxg7# 1-0


[Site "https://www.chess.com"]

[Event "Titled Tuesday Blitz February 22 Early 2022"]
[White "Jobava, Baadur"]
[Black "Lazavik, Denis"]
[WhiteFideId "13601520"]
[BlackFideId "13515110"]
[WhiteElo "2617"]
[BlackElo "2436"]
[Result "1-0"]
[Round "06"]
[TimeControl "180+1"]
[Date "2022.02.22"]
[WhiteClock "0:00:32"]
[BlackClock "0:00:11"]

1. e4 e5 2. Nf3 Nc6 3. Bc4 Bc5 4. c3 Nf6 5. d3 d6 6. b4 Bb6 7. O-O a5 8. b5 Ne7 9. Nbd2 Ng6 10. Bb3 c6 11. bxc6 bxc6 12. Nc4 Bc7 13. Bg5 h6 14. Bxf6 Qxf6 15. Ne3 O-O 16. Rb1 Rb8 17. g3 Bh3 18. Re1 Bb6 19. Nd2 Bc5 20. Qh5 Be6 21. Kg2 Ne7 22. h4 Kh7 23. a4 Qg6 24. Qxg6+ Kxg6 25. Bxe6 fxe6 26. Ndc4 Kf7 27. Nxa5 Ra8 28. Nb7 Rxa4 29. Nxc5 dxc5 30. Rb7 Ra2 31. Ng4 h5 32. Nxe5+ Kg8 33. Rf1 Re8 34. Rfb1 Rf8 35. R1b2 Rxb2 36. Rxb2 Rd8 37. Rb7 Re8 38. Rc7 Kf8 39. Kf3 Ra8 40. Nxc6 Ng6 41. Ke3 Ra3 42. Nd8 Rxc3 43. Nxe6+ Ke8 44. Nxg7+ Kd8 45. Ne6+ Ke8 46. Rxc5 Ra3 47. Rxh5 Ke7 48. Nf4 Nf8 49. Nd5+ Kf7 50. Rf5+ Kg7 51. Rxf8 Kxf8 52. f4 Kf7 53. g4 Ra1 54. h5 Rh1 55. Kd4 Rh4 56. Ne3 Rh3 57. Nf5 Rh1 58. Ke5 Rg1 59. d4 Ke8 60. g5 Rh1 61. h6 Kf7 62. d5 Kg6 63. d6 Rd1 64. Ke6 Re1 65. e5 Ra1 66. d7 Ra8 67. Ne7+ Kh5 68. Nc8 Ra6+ 69. Ke7 1-0


[Site "https://www.chess.com"]

[Event "Titled Tuesday Blitz February 22 Early 2022"]
[White "Kamsky, Gata"]
[Black "Krysa, Leandro"]
[WhiteFideId "2000024"]
[BlackFideId "116807"]
[WhiteElo "2645"]
[BlackElo "2490"]
[Result "1/2-1/2"]
[Round "06"]
[TimeControl "180+1"]
[Date "2022.02.22"]
[WhiteClock "0:00:03"]
[BlackClock "0:00:03"]

1. e4 e5 2. Nf3 Nf6 3. Nxe5 d6 4. Nf3 Nxe4 5. Qe2 Qe7 6. d3 Nf6 7. Qxe7+ Bxe7 8. Nc3 c6 9. Bf4 O-O 10. h3 d5 11. a3 h6 12. Kd2 Nbd7 13. Re1 Re8 14. d4 b5 15. Bd3 Bb7 16. Ne5 Nxe5 17. Bxe5 Nd7 18. Bf4 Nb6 19. Kc1 a5 20. Re2 Bc8 21. Rhe1 Be6 22. Bf5 b4 23. Bxe6 bxc3 24. Bd7 cxb2+ 25. Kb1 Nxd7 26. Rxe7 Rxe7 27. Rxe7 Nb6 28. Kxb2 a4 29. Kc3 Nc4 30. Kb4 g5 31. Bg3 Kg7 32. h4 Kg6 33. Rc7 Ra6 34. Rb7 f6 35. hxg5 hxg5 36. Bb8 Ra8 37. Ba7 Re8 38. Kxa4 Re2 39. Bc5 Rxc2 40. Rc7 Rxf2 41. Rxc6 Rxg2 42. Be7 Rf2 43. Kb4 g4 44. Bd6 Kf5 45. Bc7 Rb2+ 46. Kc5 Nxa3 47. Kxd5 Nb5 48. Bb8 Nc3+ 49. Rxc3 Rxb8 50. Rc7 Kf4 51. Rg7 f5 52. Ke6 Re8+ 53. Kf6 Rf8+ 54. Ke6 Ra8 55. d5 g3 56. d6 Ra6 57. Ke7 Kf3 58. d7 Ra7 59. Ke6 Rxd7 60. Rxd7 g2 61. Rg7 f4 62. Kf5 Kf2 63. Rxg2+ Kxg2 64. Kxf4 1/2-1/2


[Site "https://www.chess.com"]

[Event "Titled Tuesday Blitz February 22 Early 2022"]
[White "Kaplan, Ebru"]
[Black "Serikbay, Assel"]
[WhiteFideId "6315194"]
[BlackFideId "13706799"]
[WhiteElo "1941"]
[BlackElo "2130"]
[Result "0-1"]
[Round "06"]
[TimeControl "180+1"]
[Date "2022.02.22"]
[WhiteClock "0:00:35"]
[BlackClock "0:01:01"]

1. e4 e6 2. d4 d5 3. e5 c5 4. c3 Nc6 5. Nf3 Qb6 6. a3 Bd7 7. b4 c4 8. Be2 a5 9. b5 Qxb5 10. a4 Qa6 11. Na3 Na7 12. Rb1 b5 13. axb5 Nxb5 14. Nxb5 Bxb5 15. Qc2 a4 16. O-O a3 17. Ra1 Ba4 18. Qa2 Bb3 19. Qxb3 cxb3 20. Bxa6 Rxa6 21. Nd2 Be7 22. Nxb3 Nh6 23. Bxh6 gxh6 24. Ra2 Kd7 25. Rfa1 Rc8 26. Nc5+ Bxc5 27. dxc5 Rb8 28. Kf1 Rb3 29. Rc1 Kc6 30. Ke2 Kxc5 31. Kf3 Kc4 32. Kg4 Rb2 33. Rca1 Rxa2 34. Rxa2 Kb3 35. Re2 a2 36. Rxa2 Rxa2 0-1


[Site "https://www.chess.com"]

[Event "Titled Tuesday Blitz February 22 Early 2022"]
[White "Karavaeva, Olga"]
[Black "Shuvalov, Evgenij"]
[WhiteFideId "4124111"]
[BlackFideId "4187237"]
[WhiteElo "2105"]
[BlackElo "2119"]
[Result "0-1"]
[Round "06"]
[TimeControl "180+1"]
[Date "2022.02.22"]
[WhiteClock "0:00:03"]
[BlackClock "0:00:03"]

1. c4 c6 2. e4 d5 3. exd5 cxd5 4. d4 Nf6 5. Nc3 g6 6. cxd5 Bg7 7. Bc4 O-O 8. Nge2 Nbd7 9. Bb3 Nb6 10. Nf4 a5 11. a3 a4 12. Ba2 Ra5 13. O-O h6 14. h4 Bg4 15. f3 Bf5 16. Re1 Ra8 17. Bd2 Rc8 18. Rc1 Nc4 19. Nxa4 b5 20. Bxc4 Rxc4 21. Rxc4 bxc4 22. Bb4 Nxd5 23. Nxd5 Qxd5 24. Bxe7 Ra8 25. Bc5 Bd3 26. Re4 Bxe4 27. Nb6 Bc2 28. Qd2 Qd8 29. Nxa8 Bd3 30. Nb6 Bxd4+ 31. Bxd4 Qxd4+ 32. Qf2 Qe5 33. g3 g5 34. hxg5 hxg5 35. Kg2 g4 36. fxg4 Be4+ 37. Kf1 Qd6 38. Qe3 Qd1+ 39. Kf2 Qc2+ 40. Ke1 Bd3 41. Qe8+ Kg7 42. Qe5+ Kh7 43. Qh5+ Kg8 44. Qg5+ Bg6 45. Qf6 Qd3 46. a4 Qxg3+ 47. Kd2 Qd3+ 48. Ke1 Qe3+ 49. Kd1 Qd3+ 50. Ke1 Qe4+ 51. Kf2 Qc2+ 52. Ke1 Qc1+ 53. Kf2 Qd2+ 54. Kg3 Qe3+ 55. Kh4 Qh6+ 56. Kg3 Qe3+ 57. Kh4 Qe1+ 58. Kh3 Qh1+ 59. Kg3 Qg1+ 60. Kf4 Qf2+ 61. Ke5 Qxb2+ 0-1


[Site "https://www.chess.com"]

[Event "Titled Tuesday Blitz February 22 Early 2022"]
[White "Khamzin, Olzhas"]
[Black "Ishbaev, Alibek"]
[WhiteFideId "13701690"]
[BlackFideId "14205017"]
[WhiteElo "2194"]
[BlackElo "2378"]
[Result "0-1"]
[Round "06"]
[TimeControl "180+1"]
[Date "2022.02.22"]
[WhiteClock "0:00:28"]
[BlackClock "0:00:20"]

1. d4 g6 2. h4 h5 3. c4 Bg7 4. Nc3 c5 5. Nf3 cxd4 6. Nxd4 Nc6 7. e3 Nf6 8. b3 Nxd4 9. exd4 d5 10. Bb2 O-O 11. Be2 dxc4 12. bxc4 Bf5 13. O-O Rc8 14. Rc1 Qb6 15. Ba1 Rfd8 16. Na4 Qa5 17. Qb3 Qc7 18. Rfd1 Bg4 19. Bxg4 Nxg4 20. g3 b6 21. c5 bxc5 22. Rxc5 Qd6 23. Rxc8 Rxc8 24. Nc5 Qf6 25. Ne4 Qf5 26. f3 Nf6 27. Ng5 e6 28. Qb7 Rf8 29. Bc3 Qc2 30. Qb3 Qe2 31. Rd2 Qe1+ 32. Kg2 Nd5 33. Ba5 Ne3+ 34. Kh2 Nf1+ 35. Kg2 Nxd2 36. Qd3 Qf1+ 37. Qxf1 Nxf1 38. Kxf1 Bxd4 39. Ke2 Bf6 40. Ne4 Kg7 41. Bb4 Rb8 42. g4 Rxb4 43. g5 Be5 44. Nc5 Bd6 45. Ne4 Be5 46. Nc5 Bd6 47. Ne4 Rxe4+ 48. fxe4 Kf8 49. Ke3 Ke7 50. Kd4 Bg3 51. e5 Bxh4 52. Ke4 Bxg5 53. Kf3 Bf6 54. Ke4 Bxe5 55. Kxe5 f6+ 56. Kf4 Kd6 57. Ke4 a5 58. Ke3 Kd5 59. Kf3 h4 0-1


[Site "https://www.chess.com"]

[Event "Titled Tuesday Blitz February 22 Early 2022"]
[White "Kim, Sergey"]
[Black "Sargissyan, Sargis"]
[WhiteFideId "13700570"]
[BlackFideId "13303210"]
[WhiteElo "2632"]
[BlackElo "2174"]
[Result "1-0"]
[Round "06"]
[TimeControl "180+1"]
[Date "2022.02.22"]
[WhiteClock "0:00:05"]
[BlackClock "0:00:01"]

1. d4 Nf6 2. c4 g6 3. Nc3 Bg7 4. e4 d6 5. Nge2 O-O 6. Ng3 c5 7. d5 e6 8. Be2 exd5 9. cxd5 a6 10. a4 h5 11. Bg5 Qe8 12. f3 Nbd7 13. O-O Nh7 14. Be3 h4 15. Nh1 f5 16. Qd2 Ne5 17. Bh6 Qe7 18. Bxg7 Kxg7 19. Nf2 f4 20. h3 g5 21. a5 Nf6 22. Na4 Nfd7 23. b4 cxb4 24. Qxb4 Rb8 25. Rac1 Nf6 26. Nb6 Bd7 27. Rc7 Ne8 28. Rc2 Nf6 29. Qd4 Rfd8 30. Rfc1 Kh6 31. Rc7 Ne8 32. R7c2 Kg6 33. Nd3 Nxd3 34. Bxd3 Qe5 35. Qf2 Kh6 36. Nc4 Qe7 37. Re1 Rdc8 38. e5 Ba4 39. Rce2 dxe5 40. Nxe5 Qc5 41. Ng4+ Kg7 42. Re7+ Kf8 43. Bg6 Qxf2+ 44. Kxf2 Nd6 45. Nf6 Rc2+ 46. Kg1 Rd2 47. Rh7 Rc8 48. Ne4 Nxe4 49. Bxe4 Rc3 50. Bg6 Re3 51. Rc1 Ree2 52. Rc8+ Be8 53. Rxe8+ Rxe8 54. Rh8+ Kg7 55. Rxe8 Kxg6 56. Rd8 Rd3 57. Rd7 Kf6 58. Kf2 Ke5 59. Ke2 Rxd5 60. Rxb7 Rc5 61. Rg7 1-0


[Site "https://www.chess.com"]

[Event "Titled Tuesday Blitz February 22 Early 2022"]
[White "Kirillov, Dmitry"]
[Black "Lonoff, Marc"]
[WhiteFideId "34180572"]
[BlackFideId "2001349"]
[WhiteElo "2076"]
[BlackElo "2241"]
[Result "1/2-1/2"]
[Round "06"]
[TimeControl "180+1"]
[Date "2022.02.22"]
[WhiteClock "0:00:24"]
[BlackClock "0:00:12"]

1. d4 e6 2. c4 Bb4+ 3. Bd2 Qe7 4. Nf3 Nf6 5. g3 Nc6 6. Bg2 Bxd2+ 7. Qxd2 Ne4 8. Qc2 Qb4+ 9. Nc3 Nxc3 10. Qxc3 Qxc3+ 11. bxc3 d6 12. e4 Ke7 13. Nd2 Na5 14. Bf1 c5 15. Nb3 Nc6 16. dxc5 dxc5 17. Nxc5 b6 18. Nb3 Bb7 19. f3 Rac8 20. Kf2 Ne5 21. c5 bxc5 22. Na5 Ba8 23. Nc4 Nc6 24. Ke3 Rhd8 25. Bd3 Bb7 26. Rhd1 Rxd3+ 27. Rxd3 Ba6 28. Nb2 Bxd3 29. Nxd3 c4 30. Nb4 Nxb4 31. cxb4 e5 32. Rc1 a6 33. Kd2 Rd8+ 34. Kc3 Rd3+ 35. Kxc4 Rxf3 36. a4 Re3 37. Kd5 f6 38. Rc7+ Kd8 39. Rxg7 Rb3 40. Rxh7 Rxb4 41. Ke6 Rb6+ 42. Kf5 a5 43. Rh8+ Ke7 44. h4 Rb3 45. Rh7+ Kf8 46. g4 Rf3+ 47. Kg6 Rf4 48. Rf7+ Ke8 49. Rxf6 Rxg4+ 50. Kf5 Rxh4 51. Kxe5 Ke7 52. Rf5 Rh1 53. Rg5 Ra1 54. Rg7+ Kd8 55. Kd6 Ke8 56. e5 Rxa4 57. e6 Rd4+ 58. Ke5 Rd1 59. Ra7 Re1+ 60. Kd6 Rd1+ 61. Ke5 Re1+ 62. Kd5 Rd1+ 63. Kc4 Re1 64. Kd5 Rd1+ 65. Kc6 Rc1+ 66. Kd6 Rd1+ 67. Kc6 Rc1+ 68. Kb5 Re1 69. Kxa5 Rxe6 70. Kb5 Rg6 71. Kc5 Kd8 72. Kd5 Kc8 73. Rf7 Kb8 74. Ke5 Rb6 75. Kd5 Rh6 76. Rf8+ Kc7 77. Rf7+ Kd8 78. Rg7 Ke8 79. Ra7 Kd8 80. Kc5 Kc8 81. Kb5 Kb8 82. Rg7 Kc8 83. Re7 Kb8 84. Rd7 Kc8 85. Ra7 Kb8 86. Ra2 Kb7 87. Rg2 Rh5+ 88. Kb4 Kc6 89. Rg6+ Kd7 90. Rg7+ Kc6 91. Ra7 Kb6 92. Rg7 Rh4+ 93. Kc3 Kc5 94. Rg5+ Kc6 95. Kd3 Kd6 96. Ra5 Kc6 97. Ra6+ Kd5 98. Ra5+ Kd6 99. Rg5 Ke6 100. Rg3 Kd6 101. Re3 Kc6 102. Re6+ Kd5 103. Ra6 Kc5 104. Kd2 Kb5 105. Ra3 Kc5 106. Re3 Kd5 107. Rg3 Kc5 108. Rg5+ Kd6 109. Rg6+ Kd5 110. Rg3 Kd6 111. Rd3+ Kc5 112. Kc3 Kc6 113. Rd4 Rxd4 114. Kxd4 1/2-1/2


[Site "https://www.chess.com"]

[Event "Titled Tuesday Blitz February 22 Early 2022"]
[White "Kislov, Oleg"]
[Black "Abdisalimov, Abdimalik"]
[WhiteFideId "13503774"]
[BlackFideId "14206323"]
[WhiteElo "2252"]
[BlackElo "2401"]
[Result "0-1"]
[Round "06"]
[TimeControl "180+1"]
[Date "2022.02.22"]
[WhiteClock "0:00:11"]
[BlackClock "0:01:31"]

1. e4 c5 2. Nf3 d6 3. c3 Nf6 4. Be2 g6 5. O-O Bg7 6. Bb5+ Bd7 7. Bxd7+ Qxd7 8. Re1 O-O 9. d4 cxd4 10. cxd4 d5 11. e5 Ne4 12. Nbd2 Nxd2 13. Bxd2 Nc6 14. Bf4 Rac8 15. Qd2 Qf5 16. Bh6 Rc7 17. Bxg7 Kxg7 18. Rac1 Rfc8 19. Rc3 Nd8 20. Rxc7 Rxc7 21. Rc1 Rxc1+ 22. Qxc1 Ne6 23. Qd1 Nf4 24. g3 Nh3+ 25. Kg2 g5 26. Qe2 Qg4 27. Qe3 Nf4+ 28. Kg1 Ne6 29. h3 Qf5 30. Kg2 h5 31. Qb3 Qe4 32. Qe3 Qf5 33. Nd2 Qc2 34. Qc3 Qd1 35. Qe3 b6 36. Nf3 Kg6 37. h4 g4 38. Ng5 Qxd4 39. Qe2 Nxg5 40. hxg5 Qe4+ 41. Qxe4+ dxe4 42. Kf1 Kxg5 43. Ke2 Kf5 44. Ke3 Kxe5 0-1


[Site "https://www.chess.com"]

[Event "Titled Tuesday Blitz February 22 Early 2022"]
[White "Klukin, Kirill"]
[Black "Grunberg, Mihai-Lucian"]
[WhiteFideId "24199273"]
[BlackFideId "1204149"]
[WhiteElo "2324"]
[BlackElo "2364"]
[Result "1-0"]
[Round "06"]
[TimeControl "180+1"]
[Date "2022.02.22"]
[WhiteClock "0:00:24"]
[BlackClock "0:00:04"]

1. d4 f5 2. c4 Nf6 3. Nc3 g6 4. g3 Bg7 5. Bg2 O-O 6. Nf3 c6 7. O-O d6 8. b4 Ne4 9. Bb2 a5 10. a3 Nd7 11. Nxe4 fxe4 12. Ng5 Nb6 13. Qb3 d5 14. cxd5 a4 15. Qa2 cxd5 16. Nxe4 Nc4 17. Nc3 Nxb2 18. Qxb2 Bxd4 19. Rad1 Qb6 20. e3 Bxc3 21. Qxc3 e6 22. Rc1 Bd7 23. Qc7 Qxc7 24. Rxc7 Bc6 25. Bh3 Rfe8 26. Rc1 e5 27. Bg2 Rad8 28. b5 Bxb5 29. Rxb7 Bc4 30. Ra7 e4 31. Rxa4 Ra8 32. Rxa8 Rxa8 33. Ra1 Ra4 34. Bf1 Kf7 35. Bxc4 dxc4 36. Kf1 Ke6 37. Ke2 Kd5 38. Kd2 Kc5 39. Kc3 g5 40. g4 Ra6 41. a4 Rf6 42. Ra2 Rd6 43. a5 Kb5 44. a6 Rd3+ 45. Kc2 Rd8 46. a7 Ra8 47. Kc3 Kc5 48. Ra4 Kb5 49. Rb4+ Ka5 50. Rb1 1-0


[Site "https://www.chess.com"]